AoeStats
← MuniStar

Arena

510171429Analyzed
1v1 RM · 1d ago on Sep 29, 2026· 45m 43s· 2 players
Game mode
Random Map
Map size
Tiny (2 player)
Population
200
Speed
Normal
Resources
Standard
Victory
Conquest
Starting age
Dark Age
Ending age
Imperial Age
RankedLock teamsTeams togetherTeam positionsShared explorationLock speedFull tech treeHidden civsTurbo modeCheats
Victory
Defeat
🇺🇸 Tupi · United States
885
+17
🇦🇷 Spanish · Argentina
901
-17
Toker505
1:12 Loom
9:28 Feudal Age
14:36 Castle Age
12:33 Double-Bit Axe
13:41 Stone Mining
17:06 Wheelbarrow
16:41 Horse Collar
18:06 Town Watch
18:33 Gold Mining
20:06 Forging
21:08 Loom
28:09 Imperial Age
26:25 Padded Archer Armor
27:01 Iron Casting
27:53 Leather Archer Armor
27:47 Squires
27:33 Arson
27:25 Elite Skirmisher
28:36 Bow Saw
28:53 Scale Mail Armor
30:34 Two-Man Saw
29:40 Heavy Plow
31:04 Fletching
32:25 Conscription
32:34 Hand Cart
32:05 Loom
32:38 Hand Cart
32:26 Town Patrol
33:51 Chemistry
33:24 Pikeman
35:14 Chain Mail Armor
35:24 Ballistics
34:45 Treadmill Crane
35:21 Halberdier
36:55 Plate Mail Armor
36:20 Bodkin Arrow
37:20 Gold Shaft Mining
38:04 Murder Holes
41:31 Curare
41:32 Bracer
42:02 Ring Archer Armor
MuniStar
10:36 Feudal Age
14:29 Castle Age
13:10 Loom
13:19 Double-Bit Axe
14:09 Horse Collar
20:02 Gold Mining
27:21 Bloodlines
27:18 Heavy Plow
27:40 Bow Saw
29:03 Husbandry
28:24 Light Cavalry
33:37 Imperial Age
31:43 Wheelbarrow
30:54 Town Watch
31:35 Scale Barding Armor
31:41 Forging
33:55 Chain Barding Armor
34:10 Iron Casting
35:46 Plate Barding Armor
36:24 Chemistry
34:52 Cavalier
37:29 Blast Furnace
38:02 Hand Cart
37:48 Town Patrol
38:33 Paladin
41:04 Conscription
41:58 Padded Archer Armor
41:49 Fletching
43:15 Bodkin Arrow
43:35 Leather Archer Armor
Connection lost

Rejoining the realm…

Still unreachable

The connection could not be restored.

Session expired

The server has moved on; the page needs a fresh start.